 Dungeon Crawl Stone Soup version 0.28.0-53-g5a82cb258f (webtiles) character file.

Game seed: 8927219993733434315

8371 safid the Geomancer (level 11, -2/71 HPs)
             Began as a Gargoyle Earth Elementalist on Aug 28, 2022.
             Was a Believer of Vehumet.
             Slain by a wolf (7 damage)
             ... on level 1 of the Lair of Beasts.
             The game lasted 00:23:38 (12007 turns).

safid the Geomancer (Gargoyle Earth Elementalist)  Turns: 12007, Time: 00:23:38

Health: -2/71      AC: 13    Str: 12    XL:     11   Next: 29%
Magic:  17/24      EV: 12    Int: 20    God:    Vehumet [**....]
Gold:   388        SH:  0    Dex: 10    Spells: 25/29 levels left

rFire   . . .      SeeInvis +   g - staff of conjuration
rCold   . . .      Faith    .   (no shield)
rNeg    + . .      Spirit   .   b - +0 robe
rPois   ∞          Reflect  .   (no helmet)
rElec   +          Harm     .   e - +0 cloak
rCorr   .          Rampage  .   D - +0 pair of gloves
Will    .....                   F - +0 pair of boots
Stlth   ++........              j - amulet of regeneration
HPRegen 1.01/turn               i - ring of see invisible
MPRegen 0.19/turn               q - ring of wizardry

@: weak-willed, hasted, very quick
A: sickness immunity, AC +8, negative energy resistance 1, electricity
resistance, torment resistance 1, petrification resistance
a: Renounce Religion


You were on level 1 of the Lair of Beasts.
You worshipped Vehumet.
Vehumet was pleased with you.
You visited 3 branches of the dungeon, and saw 12 of its levels.

You collected 685 gold pieces.
You spent 297 gold pieces at shops.

Inventory:

Missiles
 c - 94 stones
 d - 14 poisoned darts
Armour
 b - a +0 robe (worn)
 e - a +0 cloak (worn)
 x - the +6 chain mail of the Dragon {rN+ Will+ Int+2}
   (You found it on level 6 of the Dungeon)

   Int:       It affects your intelligence (+2).
   rN:        It protects you from negative energy.
   Will:      It increases your willpower.
 D - a +0 pair of gloves (worn)
 F - a +0 pair of boots (worn)
Magical Staves
 g - a staff of conjuration (weapon)
Jewellery
 i - a ring of see invisible (left hand)
 j - an amulet of regeneration (around neck)
 q - a ring of wizardry (right hand)
 z - a ring of fire
 K - a +6 ring of strength
Wands
 l - a wand of iceblast (22)
 w - a wand of polymorph (12)
 C - a wand of flame (27)
 J - a wand of digging (5)
 L - a wand of paralysis (5)
 N - a wand of mindburst (7)
Scrolls
 a - 2 scrolls of enchant weapon {unknown}
 m - 8 scrolls of identify {unknown}
 n - 3 scrolls of noise {unknown}
 o - 3 scrolls of teleportation {unknown}
 p - 3 scrolls of vulnerability
 r - a scroll of enchant armour {unknown}
 u - a scroll of amnesia {unknown}
 v - a scroll of acquirement {unknown}
 y - 3 scrolls of fog {unknown}
 A - 3 scrolls of summoning {unknown}
 H - 2 scrolls of magic mapping {unknown}
Potions
 f - 6 potions of curing
 h - 4 potions of heal wounds {unknown}
 k - 3 potions of lignification
 t - a potion of resistance
 B - a potion of mutation {unknown}
 E - a potion of attraction {unknown}
 G - 3 potions of magic {unknown}
 I - a potion of flight {unknown}
 M - a potion of cancellation {unknown}


   Skills:
 + Level 9.2 Fighting
 - Level 2.0 Dodging
 - Level 2.1 Stealth
 + Level 9.9 Spellcasting
 + Level 8.0 Conjurations
 - Level 1.0 Transmutations
 - Level 10.0 Earth Magic


You had 25 spell levels left.
You knew the following spells:

 Your Spells              Type           Power      Damage    Failure   Level
a - Sandblast             Erth           98%        2d20      1%          1
b - Stone Arrow           Conj/Erth      100%       3d13      1%          3

Your spell library contained the following spells:

 Spells                   Type           Power      Damage    Failure   Level
 Inner Flame              Hex/Fire       9%         N/A       9%          3
 Magic Dart               Conj           100%       1d8       1%          1
 Passwall                 Tmut/Erth      25%        N/A       1%          2
 Searing Ray              Conj           100%       2d8       1%          2
 Petrify                  Tmut/Erth      31%        N/A       3%          4
 Fulminant Prism          Conj/Hex       19%        3d11      5%          4
 Hailstorm                Conj/Ice       39%        3d9       5%          4
 Tukima's Dance           Hex            9%         N/A       9%          3
 Ice Form                 Ice/Tmut       11%        N/A       22%         4
 Passage of Golubria      Tloc           9%         N/A       26%         4
 Yara's Violent Unravell  Hex/Tmut       5%         3d4       52%         5
 Simulacrum               Ice/Necr       4%         N/A       98%         6


Dungeon Overview and Level Annotations

Branches:
Dungeon (10/15)            Temple (1/1) D:6            Lair (1/6) D:9
    Orc: D:9-12

Altars:
Ashenzari
Cheibriados
Dithmenos
Elyvilon
Fedhas
Gozag
Hepliaklqana
Kikubaaqudgha
Makhleb
Nemelex Xobeh
Okawaru
Qazlal
Ru
Sif Muna
Trog
Uskayaw
Vehumet
Wu Jian
Xom
Yredelemnul
Zin
The Shining One

Shops:
D:3 :   D:5 !

Annotations:
D:9 1 runed translucent door
D:10 Snorg
Lair:1 exclusion: oklob plant


Innate Abilities, Weirdness & Mutations

You are immune to sickness and miasma.
Your stone body is resilient. (AC +8)
You are immune to poison.
You resist negative energy. (rN+)
You are resistant to electric shocks. (rElec)
You are resistant to unholy torment.
You are immune to petrification.


Message History

The wolf bites you! The wolf bites you.
* * * LOW HITPOINT WARNING * * *
The wolf closely misses you. The wolf bites you.
* * * LOW HITPOINT WARNING * * *
The wolf closely misses you. The wolf misses you. The wolf bites you.
* * * LOW HITPOINT WARNING * * *
The wolf closely misses you. The wolf bites you.
* * * LOW HITPOINT WARNING * * *
The wolf barely misses you. The wolf misses you. The wolf closely misses you.
The wolf bites you but does no damage. The wolf bites you but does no damage.
The wolf completely misses you. The wolf bites you but does no damage.
The wolf closely misses you. The wolf bites you.
* * * LOW HITPOINT WARNING * * *
The wolf bites you!
* * * LOW HITPOINT WARNING * * *
The wolf barely misses you. The wolf barely misses you. The wolf bites you.
* * * LOW HITPOINT WARNING * * *
The wolf bites you but does no damage.
As you read the scroll labelled ENIWYCVAUSY, it crumbles to dust.
Magic quickly surges around you.
It was a scroll of vulnerability.
The wolf bites you.
* * * LOW HITPOINT WARNING * * *
The wolf bites you but does no damage.
You feel yourself speed up. The wolf bites you but does no damage.
The wolf closely misses you. The wolf bites you but does no damage.
The wolf bites you.
* * * LOW HITPOINT WARNING * * *
The wolf bites you.
* * * LOW HITPOINT WARNING * * *
The wolf bites you but does no damage.
The wolf bites the plant.
The plant begins to die.
The wolf bites you but does no damage.
The wolf bites the plant!
The wolf bites you!
You die...

.........#######.#.......
........# ###......#
#..###..# ##### #......#
#### #..# #...# #.......
....##..# #...###......P
.....+hh###....##......#
#PPh.#....###......#
##.hh#....# #......#
###.@###.### #.......
........# #.# ###.......
........###'###.........
..........†.............
..........<.............
............#.#####.....
P####......#### #.....
#......P ######.....
#..."..# #..##......


You could see 5 wolves.

Vanquished Creatures
  A hydra (Lair:1)
  A two-headed ogre (D:9)
  A komodo dragon (D:9)
  Prince Ribbit (D:5)
  4 wraiths (D:9)
  10 yaks
  A shadow (D:9)
  A wyvern (Lair:1)
  5 water moccasins
  2 orc warriors
  2 black bears
  A necrophage (D:8)
  2 ogres
  2 sky beasts (D:5)
  An ice beast (D:5)
  A wolf (Lair:1)
  2 centaurs
  A kobold brigand (D:9)
  4 bullfrogs
  2 wyvern zombies (D:8)
  7 scorpions (D:6)
  A gnoll sergeant (D:8)
  6 killer bees (D:8)
  9 wights
  4 howler monkeys
  4 hounds
  5 jellies
  4 orc priests
  8 iguanas
  3 orc wizards
  2 killer bee zombies
  A hound skeleton (D:4)
  A howler monkey zombie (D:9)
  9 gnolls
  8 adders
  2 howler monkey skeletons
  2 white imps (D:6)
  3 ufetubi
  An adder skeleton (D:4)
  2 dart slugs (D:1)
  16 orcs
  9 ball pythons
  10 endoplasms
  3 giant cockroaches
  6 goblins
  2 hobgoblins
  10 jackals
  6 kobolds
  2 quokkas
  20 bats
  A frilled lizard (D:1)
  5 rats
217 creatures vanquished.

Vanquished Creatures (others)
  An angel (D:4)
  11 fungi
  7 plants
19 creatures vanquished.

Grand Total: 236 creatures vanquished

Notes
Turn   | Place    | Note
-------+----------+-------------------------------------------
     0 | D:1      | safid the Gargoyle Earth Elementalist began the quest for
                  | the Orb.
     0 | D:1      | Reached XP level 1. HP: 10/10 MP: 3/3
   201 | D:1      | Reached XP level 2. HP: 16/16 MP: 1/5
   202 | D:1      | Reached skill level 1 in Transmutations
   273 | D:1      | Reached skill level 4 in Earth Magic
   590 | D:1      | Reached skill level 1 in Fighting
   590 | D:1      | Reached XP level 3. HP: 20/20 MP: 2/6
   600 | D:1      | Learned a level 3 spell: Stone Arrow
  1274 | D:2      | Reached XP level 4. HP: 25/25 MP: 5/7
  1685 | D:2      | Reached skill level 1 in Conjurations
  2113 | D:3      | Reached XP level 5. HP: 25/30 MP: 4/9
  2126 | D:3      | Reached skill level 5 in Earth Magic
  2303 | D:3      | Found Jeafagum's Book Shoppe.
  2814 | D:4      | Found a shimmering altar of Xom.
  2859 | D:4      | Reached XP level 6. HP: 31/36 MP: 4/10
  3046 | D:4      | Noticed an angel
  3047 | D:4      | Found a glowing silver altar of Zin.
  3070 | D:4      | Killed an angel
  3094 | D:4      | Found a bloodstained altar of Trog.
  3718 | D:5      | Entered Level 5 of the Dungeon
  3718 | D:5      | Noticed a sky beast
  3720 | D:5      | Killed a sky beast
  3721 | D:5      | Reached XP level 7. HP: 41/41 MP: 5/12
  3909 | D:5      | Reached skill level 6 in Earth Magic
  4384 | D:5      | Reached XP level 8. HP: 24/48 MP: 7/14
  4593 | D:5      | Found Nolin's Distillery.
  4602 | D:5      | Bought a potion of lignification for 33 gold pieces
  4602 | D:5      | Bought a potion of curing for 33 gold pieces
  4602 | D:5      | Bought a potion of haste for 110 gold pieces
  4602 | D:5      | Bought a potion of resistance for 110 gold pieces
  4641 | D:5      | Bought a potion of degeneration for 11 gold pieces
  4694 | D:5      | Reached skill level 7 in Earth Magic
  4755 | D:5      | Noticed Prince Ribbit
  4763 | D:5      | Killed Prince Ribbit
  4764 | D:5      | Reached skill level 5 in Fighting
  5041 | D:6      | Reached skill level 5 in Spellcasting
  5308 | D:6      | Identified the +2 ring mail of Makhleb's Regard {Rampage
                  | Str-4 Int+4 Dex+2}
  5512 | D:6      | Found a staircase to the Ecumenical Temple.
  5519 | Temple   | Entered the Ecumenical Temple
  5526 | Temple   | Became a worshipper of Vehumet
  5843 | D:6      | Reached skill level 8 in Earth Magic
  5868 | D:6      | Identified the +6 chain mail of the Dragon {rN+ Will+
                  | Int+2}
  6225 | D:6      | Reached XP level 9. HP: 50/55 MP: 10/17
  6910 | D:6      | Reached * piety under Vehumet
  6910 | D:6      | Offered knowledge of Freeze by Vehumet.
  6911 | D:6      | Reached skill level 9 in Earth Magic
  8021 | D:8      | Reached skill level 10 in Earth Magic
  8367 | D:8      | Reached XP level 10. HP: 60/60 MP: 7/22
  8529 | D:8      | Offered knowledge of Shock by Vehumet.
  8827 | D:8      | Found a hide-covered altar of Uskayaw.
  9004 | D:9      | Found a staircase to the Lair.
  9104 | D:9      | Reached skill level 5 in Conjurations
  9526 | D:9      | Found a shadowy altar of Dithmenos.
  9529 | D:9      | Found a burning altar of Makhleb.
  9533 | D:9      | Found a sacrificial altar of Ru.
  9713 | D:9      | Noticed a two-headed ogre
  9717 | D:9      | Killed a two-headed ogre
  9785 | D:9      | Found a runed translucent door.
  9837 | D:9      | Found a hazy altar of Hepliaklqana.
  9849 | D:9      | Noticed a flayed ghost
  9865 | D:9      | Found a sacrificial altar of Ru.
  9877 | D:9      | Found a basalt altar of Yredelemnul.
  9898 | D:9      | Reached ** piety under Vehumet
  9942 | D:9      | Found a hazy altar of Hepliaklqana.
  9951 | D:9      | Found a radiant altar of Vehumet.
 10077 | D:9      | Found a radiant altar of Vehumet.
 10394 | D:9      | Identified the +6 quarterstaff "Mann" {flame, rF- rN+
                  | Will+}
 10810 | Lair:1   | Entered Level 1 of the Lair of Beasts
 10865 | D:9      | Reached XP level 11. HP: 69/69 MP: 8/24
 11361 | D:10     | Entered Level 10 of the Dungeon
 11361 | D:10     | Noticed Snorg
 11361 | D:10     | Noticed an eight-headed hydra
 11683 | Lair:1   | Noticed an eight-headed hydra
 11691 | Lair:1   | Killed an eight-headed hydra
 11691 | Lair:1   | Offered knowledge of Inner Flame by Vehumet.
 11838 | Lair:1   | Found a shadowy altar of Dithmenos.
 11838 | Lair:1   | Noticed an oklob plant
 12001 | Lair:1   | HP: 3/71 [wolf (3)]
 12001 | Lair:1   | HP: 1/71 [wolf (2)]
 12007 | Lair:1   | Slain by a wolf

Illustrated notes

Levels and vault maps discovered:
D:1:      dpeg_arrival_shelter, layout_basic
D:2:      layout_loops_ring
D:3:      cheibrodos_pilgrimage, layout_basic, serial_shops, nicolae_square_shop
D:4:      layout_basic, grunt_temple_overflow_order_and_chaos_1,
          old_standard_altar
D:5:      layout_rooms, serial_shops, nicolae_shop_crystal, uniq_prince_ribbit1
D:6:      old_forge, layout_layer_cave, minmay_temple_entry_enclosed_plants
D:7:      layout_gridville, minmay_fractal_squares_gapless_5
D:8:      layout_rooms, mainiacjoe_overflow_alcove_4, dk_noncrumbling_4,
          st_stairs_2
D:9:      due_megacathedral, layout_loops_ring, grunt_temple_overflow_diamond,
          lair_entry_dummy
D:10:     minmay_klotski, layout_cave_pools, uniq_snorg
Temple:   nicolae_temple_no_exploring_needed
Lair:1:   layout_regular_city, lemuel_oklob_altar

Skill      XL: |  1  2  3  4  5  6  7  8  9 10 11 |
---------------+----------------------------------+-----
Transmutations | 1 |  1.0
Earth Magic    | 4 5 6 8 10 | 10.0
Fighting       | 1 2 3 4 6 8 9 |  9.2
Dodging        | 2 |  2.0
Conjurations   | 1 2 3 4 7 8 |  8.0
Spellcasting   | 3 4 5 8 9 |  9.9
Stealth        | |  2.1

Action                   |  1- 3 |  4- 6 |  7- 9 | 10-12 || total
-------------------------+-------+-------+-------+-------++-------
Melee: Staff             |    39 |   161 |    45 |    38 ||   283
       Unarmed           |     8 |       |       |       ||     8
       Punch             |       |     5 |       |       ||     5
 Cast: Sandblast         |    31 |    58 |    14 |     8 ||   111
       Stone Arrow       |       |     4 |   122 |    94 ||   220
  Use: Scroll            |       |       |       |     1 ||     1
       Potion            |       |       |       |     1 ||     1
 Stab: Sleeping          |     2 |     2 |       |       ||     4
Armor: Robe              |    23 |    86 |    51 |    76 ||   236
Dodge: Dodged            |    48 |   158 |    83 |   110 ||   399
